 Dungeon Crawl Stone Soup version 0.24-a0-416-g56ce5178b7 (webtiles) character file.

Game seed: 16922899938619230498

11 theanonym the Chiller (level 2, 15/15 HPs)
             Began as a Deep Elf Ice Elementalist on June 9, 2019.
             Got out of the dungeon alive.
             The game lasted 00:01:51 (343 turns).

theanonym the Chiller (Deep Elf Ice Elementalist)    Turns: 343, Time: 00:01:51

Health: 15/15      AC:  2    Str:  5    XL:     2   Next: 17%
Magic:  2/8        EV: 13    Int: 19    God:
Gold:   13         SH:  0    Dex: 15    Spells: 5/8 levels left

rFire    . . .     SeeInvis .   c - -3 mace (curse)
rCold    . . .     Gourm    .   (no shield)
rNeg     . . .     Faith    .   a - +0 robe
rPois    .         Spirit   .   (no helmet)
rElec    .         Reflect  .   (no cloak)
rCorr    .         Harm     +   (no gloves)
MR       .....                  (no boots)
Stlth    ++........             j - amulet of harm
HPRegen  0.05/turn              (no ring)
MPRegen  0.11/turn              (no ring)

@: no status effects
A: no striking features
a: no special abilities


   Skills:
 - Level 2.4 Dodging
 - Level 2.4 Stealth
 + Level 3.5 Spellcasting
 - Level 1.1 Conjurations
 + Level 3.7 Ice Magic


You had 5 spell levels left.
You knew the following spells:

 Your Spells              Type           Power        Failure   Level  Hunger
b - Throw Frost           Conj/Ice       ##....       9%          2    ##.....
e - Freeze                Ice            ###.         3%          1    None

Your spell library contained the following spells:

 Spells                   Type           Power        Failure   Level  Hunger
 Ozocubu's Armour         Chrm/Ice       ##......     21%         3    ###....
 Throw Icicle             Conj/Ice       ##......     47%         4    ####...
 Summon Ice Beast         Ice/Summ       ##......     54%         4    ####...

Action                   || total
-------------------------++-------
Melee: Short sword       ||    10
 Cast: Freeze            ||     8
       Throw Frost       ||     4
  Use: Scroll            ||     2
 Stab: Sleeping          ||     1
Armor: Robe              ||     8
Dodge: Dodged            ||     8

Inventory:

Hand Weapons
 b - a +0 short sword
 c - a cursed -3 mace (weapon)
Armour
 a - a +0 robe (worn)
Jewellery
 j - an amulet of harm (around neck)
Scrolls
 h - 2 scrolls of amnesia
Potions
 d - a potion of cancellation {unknown}
 f - 3 potions of haste {unknown}
 g - a potion of brilliance {unknown}
Comestibles
 e - a ration
 i - a chunk of flesh You escaped. You were not hungry. You visited 1 branch of the dungeon, and saw 1 of its levels. You collected 13 gold pieces.

Dungeon Overview and Level Annotations

Branches:
Dungeon (1/15)

Altars:

Annotations:
D:1 1 runed translucent door

.....# #. ... ..##.#
.....###.############# #..##+####
...>.....#....r....... #..#....##
....###..#.hh.?..s.r.. #..#....##
....# #..#..J..J.Jh. #..#....''
....# #..#######+#######..#....##
....# #..#.............#..#....##
....# #..'⌠....###....⌠+..#...÷##
###.# #..#......@......#..'......
#.# #..#..⌠...>...⌠..#..#......
###÷###..###+#######'###..#......
..........................#####..
#######.......................+..
############..#.##..#####..
######.#.##..# #..
.........[##..# ###
########(###..##


There were no monsters in sight!

Notes
Turn   | Place    | Note
-------+----------+-------------------------------------------
     0 | D:1      | theanonym the Deep Elf Ice Elementalist began the quest for
                  | the Orb.
     0 | D:1      | Reached XP level 1. HP: 10/10 MP: 6/6
     1 | D:1      | Found a runed translucent door.
   210 | D:1      | Reached XP level 2. HP: 15/15 MP: 2/8
   262 | D:1      | Learned a level 2 spell: Throw Frost
   343 | D:$      | Got out of the dungeon alive.

Vanquished Creatures
  A dart slug (D:1)
  A ball python (D:1)
  2 jackals (D:1)
  A kobold (D:1)
  A bat (D:1)
  2 frilled lizards (D:1)
  2 rats (D:1)
10 creatures vanquished.

Table legend:
 A = Turns spent in this place as a percentage of turns spent in the entire game.
 B = Non-inter-level travel turns spent in this place as a percentage of non-inter-level travel turns spent in the entire game.
 C = Inter-level travel turns spent in this place as a percentage of turns spent in this place.
 D = Turns resting spent in this place as a percentage of non-inter-level travel turns spent in this place.
 E = Turns spent auto-exploring this place as a percentage of non-inter-level travel turns spent in this place.
 F = Non-inter-level travel turns spent in this place divided by the number of levels of this place that you've seen.
                   A       B       C       D       E      F
               +-------+-------+-------+-------+-------+----------------------
         Total | 100.0 | 100.0 |   0.0 |  42.3 |  29.2 | 343.0
       Dungeon | 100.0 | 100.0 |   0.0 |  42.3 |  29.2 | 343.0
               +-------+-------+-------+-------+-------+----------------------
